 Dungeon Crawl Stone Soup version 0.20-a0-1039-gf554463 (webtiles) character file.

86 Firecrotchwizard the Skirmisher (level 4, -3/41 HPs)
             Began as a Minotaur Berserker on Apr 22, 2017.
             Was a Believer of Trog.
             Killed from afar by an orc wizard (6 damage)
             ... with a puff of flame
             ... on level 3 of the Dungeon.
             The game lasted 00:03:42 (1759 turns).

Firecrotchwizard the Skirmisher (MiBe)              Turns: 1759, Time: 00:03:43

Health: -3/41      AC:  3    Str: 22    XL:     4   Next: 26%
Magic:  0/3        EV: 13    Int:  4    God:    Trog [**....]
Gold:   189        SH:  0    Dex: 10    Spells: 3/3 levels left

rFire    . . .     SeeInvis .   a - +0 hand axe
rCold    . . .     Gourm    .   (no shield)
rNeg     . . .     Faith    .   b - +0 animal skin
rPois    .         Spirit   +   (helmet restricted)
rElec    .         Reflect  .   (no cloak)
rCorr    .         Harm     .   e - +0 pair of gloves
MR       .....                  (no boots)
Stlth    +.........             j - amulet of guardian spirit {Spirit}
Regen    0.2/turn               (no ring)
MPRegen  0.1/turn               (no ring)

@: no status effects
A: retaliatory headbutt, horns 2
a: Berserk, Trog's Hand, Burn Spellbooks, Renounce Religion


You were on level 3 of the Dungeon.
You worshipped Trog.
Trog was pleased with you.
You were hungry.

You visited 1 branch of the dungeon, and saw 3 of its levels.

You collected 189 gold pieces.

Inventory:

Hand Weapons
 a - a +0 hand axe (weapon)
 l - a +2 short sword of venom
   (You found it on level 1 of the Dungeon)
 v - a +0 longbow
   (You found it on level 2 of the Dungeon)
Missiles
 s - a throwing net {=f, !d}
 w - 13 arrows
Armour
 b - a +0 animal skin (worn)
 e - a +0 pair of gloves (worn)
   (You found it on level 1 of the Dungeon)
 m - a +3 ring mail
   (You found it on level 1 of the Dungeon)
Jewellery
 j - an amulet of guardian spirit (around neck) {Spirit}
   (You found it on level 1 of the Dungeon)
 r - an uncursed ring of fire {unknown}
   (You found it on level 3 of the Dungeon)
Scrolls
 f - 2 scrolls of random uselessness {unknown}
 g - 2 scrolls of remove curse {unknown}
 i - 3 scrolls of identify {unknown}
 k - a scroll of amnesia {unknown}
 q - a scroll of teleportation {unknown}
 t - a scroll of recharging {unknown}
 u - a scroll of enchant weapon {unknown}
Potions
 d - a potion of agility {unknown}
 h - a potion of curing {unknown}
 n - a potion of ambrosia {unknown}
 o - 2 potions of invisibility {unknown}
Comestibles
 c - 3 bread rations {@e1}
 p - 4 fruits


   Skills:
 + Level 4.4 Fighting
 * Level 4.2 Axes
 + Level 3.7 Armour
 + Level 3.1 Dodging


You had 3 spell levels left.
You didn't know any spells.

Dungeon Overview and Level Annotations

Branches:
Dungeon (3/15)

Altars:


Innate Abilities, Weirdness & Mutations

You reflexively headbutt those who attack you in melee.
You have a pair of horns on your head.


Message History

You now have 1/2 mp.
You closely miss the adder. The adder bites you but does no damage.
You barely miss the adder. Your headbutt misses the adder. The adder bites you.
The adder closely misses you. You furiously retaliate!
You headbutt the adder, but do no damage.
You take 1 damage, and have 32/33 hp.
You hit the adder.
You kill the adder!
Trog accepts your kill.
Your Dodging skill increases to level 3!
You have reached level 4!
You feel stronger.
You regained 6 hp, and now have 38/40 hp.
You start resting.
Health restored: 40; MP restored: 3 You now have 189 gold pieces (gained 12).
r - an encrusted golden ring You are feeling hungry.
You may need something to eat soon, looking for food.
Can't find anything matching that.
Okay, then. 2 orcs and an orc wizard come into view.
The orc wizard shouts!
The orc shouts!
An orc comes into view. It is wielding a club.
The orc shouts!
The orc barely misses you. You furiously retaliate!
You headbutt the orc, but do no damage.
Found 17 sling bullets.
Found a stone staircase leading down.
You barely miss the orc.
The orc wizard gestures wildly while chanting.
The orc wizard flickers and vanishes!
Deactivating autopickup; reactivate with Ctrl-A.
The orc hits you.
An adder comes into view.
You take 1 damage, and have 39/40 hp.
You closely miss the orc. The orc completely misses you.
You hit the orc.
You hear some strange, mumbled words.
A puff of flame appears from out of thin air!
The puff of flame hits you!
You take 4 damage, and have 35/40 hp.
You now have 2/3 mp.
You barely miss the orc. The orc closely misses you.
You completely miss the orc. You miss something.
Something hits you but does no damage. Something hits you.
The orc hits you with a hand axe.
You take 6 damage, and have 29/40 hp.
You barely miss the orc. You headbutt the orc!
You kill the orc!
Trog accepts your kill.
You miss something. Something hits you.
A dart slug comes into view.
You take 2 damage, and have 27/40 hp.
You hit the orc. You headbutt the orc.
You kill the orc!
Trog accepts your kill.
You hit something. Something hits you.
You take 2 damage, and have 25/41 hp.
You barely miss the adder. Your headbutt misses the adder.
You closely miss something. The adder barely misses you.
The adder closely misses you. Something hits you but does no damage.
You miss the adder. Your headbutt misses the adder. You closely miss something.
The adder completely misses you. You furiously retaliate!
You headbutt the adder!
You kill the adder!
Trog accepts your kill. Something hits you.
You take 2 damage, and have 24/41 hp.
You slash the orc!
You kill the orc!
Trog accepts your kill.
You closely miss something. Something hits you.
You take 1 damage, and have 23/41 hp.
You closely miss something. Something hits you.
You take 4 damage, and have 19/41 hp.
You are too injured to fight recklessly!
You are too injured to fight recklessly!
You barely miss something. You hit the dart slug. Something hits you.
You take 5 damage, and have 14/41 hp.
You closely miss something. You hit the dart slug.
You hear some strange, mumbled words.
A puff of flame appears from out of thin air!
The puff of flame hits you!
* * * LOW HITPOINT WARNING * * *
The dart slug closely misses you.
You take 7 damage, and have 7/41 hp.
You now have 1/3 mp.
You miss something. You hit the dart slug but do no damage. Something hits you.
* * * LOW HITPOINT WARNING * * *
The dart slug bites you.
* * * LOW HITPOINT WARNING * * *
You take 4 damage, and have 3/41 hp.
You now have 0/3 mp.
You miss something. Your headbutt misses something. You hit the dart slug.
You kill the dart slug!
Trog accepts your kill. Something hits you but does no damage.
Something hits you.
* * * LOW HITPOINT WARNING * * *
You hit something. You headbutt something.
You hear some strange, mumbled words.
A puff of flame appears from out of thin air!
The puff of flame hits you!
You die...

. .># #.# #.
#.# #... ..
... ....
.##.##.....
......#...
.........
#{[(.....
#@# #.#
####.#
#....#
#.###.######
#..........#
#####.####.#
#.#
#.########
#.#
#(..(.....


There were no monsters in sight!

Vanquished Creatures
  2 adders (D:3)
  An ooze (D:1)
  A worm (D:2)
  A dart slug (D:3)
  3 orcs (D:3)
  6 giant cockroaches
  9 goblins
  4 hobgoblins
  8 jackals
  3 kobolds
  3 ball pythons (D:1)
  3 bats
  2 frilled lizards (D:1)
  6 rats
52 creatures vanquished.

Notes
Turn   | Place    | Note
-------+----------+-------------------------------------------
     0 | D:1      | Firecrotchwizard the Minotaur Berserker began the quest for the Orb.
     0 | D:1      | Reached XP level 1. HP: 19/19 MP: 0/0
   301 | D:1      | Reached XP level 2. HP: 27/27 MP: 1/1
   576 | D:1      | Reached skill level 3 in Armour
   599 | D:1      | Reached skill level 4 in Fighting
   599 | D:1      | Reached XP level 3. HP: 30/33 MP: 2/2
   686 | D:1      | Reached ** piety under Trog
   799 | D:1      | Reached skill level 4 in Axes
  1679 | D:3      | Reached skill level 3 in Dodging
  1679 | D:3      | Reached XP level 4. HP: 38/40 MP: 1/3
  1756 | D:3      | HP: 7/41 [something/puff of flame (7)]
  1757 | D:3      | HP: 3/41 [dart slug (1)]
  1759 | D:3      | Killed from afar by an orc wizard

Vault maps used:
D:1:      tarquinn_simple_flora_water_f
D:2:      minivault_5

Skill      XL: |  1  2  3 |
---------------+----------+-----
Armour         | 3 |  3.7
Fighting       | 4 |  4.4
Axes           | 4 |  4.2
Dodging        | 3 |  3.1

Action                   |  1- 3 |  4- 6 || total
-------------------------+-------+-------++-------
Melee: Hand axe          |    78 |    16 ||    94
       Headbutt          |    11 |     3 ||    14
 Stab: Sleeping          |     1 |       ||     1
  Eat: Chunk             |     2 |       ||     2
Armor: Animal skin       |    19 |     2 ||    21
Dodge: Dodged            |    51 |     7 ||    58

Vault maps used:
D:1:      tarquinn_simple_flora_water_f
D:2:      minivault_5

Table legend:
 A = Turns spent in this place as a percentage of turns spent in the entire game.
 B = Non-inter-level travel turns spent in this place as a percentage of non-inter-level travel turns spent in the entire game.
 C = Inter-level travel turns spent in this place as a percentage of turns spent in this place.
 D = Turns resting spent in this place as a percentage of non-inter-level travel turns spent in this place.
 E = Turns spent auto-exploring this place as a percentage of non-inter-level travel turns spent in this place.
 F = Non-inter-level travel turns spent in this place divided by the number of levels of this place that you've seen.
                   A       B       C       D       E      F
               +-------+-------+-------+-------+-------+----------------------
         Total | 100.0 | 100.0 |   0.5 |   3.3 |  17.8 | 121.7
       Dungeon | 100.0 | 100.0 |   0.5 |   3.3 |  17.8 | 121.7
               +-------+-------+-------+-------+-------+----------------------

Table legend:
 A = Kills in this place as a percentage of kills in entire the game.
 B = Kills by you in this place as a percentage of kills by you in the entire game.
 C = Kills by friends in this place as a percentage of kills by friends in the entire game.
 D = Other kills in this place as a percentage of other kills in the entire game.
 E = Experience gained in this place as a percentage of experience gained in the entire game.
 F = Experience gained in this place divided by the number of levels of this place that you have seen.
                   A       B       C       D       E      F
               +-------+-------+-------+-------+-------+----------------------
         Total | 100.0 | 100.0 |  -nan |  -nan | 100.0 |  41.0
       Dungeon | 100.0 | 100.0 |  -nan |  -nan | 100.0 |  41.0
               +-------+-------+-------+-------+-------+----------------------
